TOP OF THE 1ST |
Omaha Storm Chasers batting - Pitching for Columbus Clippers : RHP Joe Zeiset
|
Pitching: RHP Joe Zeiset
|
|
Batting: RHB Yuichi Takata
|
0-0: Fly out, F9 (Flyball, 89D, EV 110.0 MPH)
|
Batting: RHB Nick Ogle
|
0-0: Foul Ball, location: 2F 0-1: Foul Ball, location: 2F 0-2: Ball 1-2: Ball 2-2: Foul Ball, location: 2F 2-2: Strikes out swinging
|
Batting: LHB Justin Rupert
|
0-0: Swinging Strike 0-1: DOUBLE (Line Drive, 89D, EV 106.2 MPH)
|
Batting: LHB Roman Downey
|
0-0: Ball 1-0: Fly out, F9 (Flyball, 89D, EV 94.4 MPH)
|
Top of the 1st over - 0 runs, 1 hit, 0 errors, 1 left on base; Omaha 0 - Columbus 0 |
BOTTOM OF THE 1ST |
Columbus Clippers batting - Pitching for Omaha Storm Chasers : LHP Ryan Tillett
|
Pitching: LHP Ryan Tillett
|
|
Batting: LHB Norihide Takata
|
0-0: Called Strike 0-1: Ball 1-1: Ball 2-1: SINGLE (Line Drive, 5D, EV 96.2 MPH)
|
Batting: LHB Bobby Upton
|
0-0: Called Strike 0-1: Ball Norihide Takata steals 2nd base 1-1: Fly out, F7 (Flyball, 7D, EV 109.4 MPH) Runner from 2nd tags up, SAFE at 3rd, no throw by LF
|
Batting: RHB Tommy Baird
|
0-0: Ball 1-0: Foul Ball, location: 2F 1-1: Called Strike 1-2: Foul Ball, location: 2F 1-2: Ground out 3-1 (Groundball, 13, EV 86.2 MPH) Norihide Takata scores
|
Batting: RHB Jordan Diaz
|
0-0: Ball 1-0: Ball 2-0: Foul Ball, location: 2F 2-1: Swinging Strike 2-2: Ball 3-2: Ground out 6-3 (Groundball, 6D, EV 76.9 MPH)
|
Bottom of the 1st over - 1 run, 1 hit, 0 errors, 0 left on base; Omaha 0 - Columbus 1 |
TOP OF THE 2ND |
Omaha Storm Chasers batting - Pitching for Columbus Clippers : RHP Joe Zeiset
|
Batting: RHB Muneer Maudad
|
0-0: Foul Ball, location: 2F 0-1: Ball 1-1: Ball 2-1: Ball 3-1: Swinging Strike 3-2: Strikes out swinging
|
Batting: LHB Zion Davidson
|
0-0: SINGLE (Line Drive, 8LS, EV 105.6 MPH)
|
Batting: RHB Walt Cogswell
|
0-0: Ball 1-0: Ball 2-0: Grounds into double play, 4-6-3 (Groundball, 4, EV 89.4 MPH)
|
Top of the 2nd over - 0 runs, 1 hit, 0 errors, 0 left on base; Omaha 0 - Columbus 1 |
BOTTOM OF THE 2ND |
Columbus Clippers batting - Pitching for Omaha Storm Chasers : LHP Ryan Tillett
|
Batting: RHB Chris Folse
|
0-0: SOLO HOME RUN (Flyball, 7D, EV 99.4 MPH), Distance : 397 ft
|
Batting: RHB Chris Diaz
|
0-0: Ground out 5-3 (Groundball, 5L, EV 91.9 MPH)
|
Batting: LHB Jeremy DiGenova
|
0-0: Swinging Strike 0-1: Ground out 4-3 (Groundball, 34D, EV 108.1 MPH)
|
Batting: SHB Mike Gross
|
0-0: Ball 1-0: Fly out, F8 (Flyball, 8RS, EV 83.1 MPH)
|
Bottom of the 2nd over - 1 run, 1 hit, 0 errors, 0 left on base; Omaha 0 - Columbus 2 |
TOP OF THE 3RD |
Omaha Storm Chasers batting - Pitching for Columbus Clippers : RHP Joe Zeiset
|
Batting: RHB Joeri Plas
|
0-0: Foul Ball, location: 2F 0-1: Ball 1-1: Reached on error, E4 (Groundball, 13, EV 83.8 MPH)
|
Batting: LHB Jim Beaver
|
0-0: Foul Ball, location: 2F 0-1: Swinging Strike 0-2: Ball 1-2: Strikes out swinging
|
Batting: RHB Yuichi Takata
|
0-0: Swinging Strike 0-1: Foul Ball, location: 2F 0-2: Foul Ball, location: 2F 0-2: Ball 1-2: Strikes out swinging
|
Batting: RHB Nick Ogle
|
0-0: Swinging Strike 0-1: Ball 1-1: SINGLE (Groundball, 4MD, EV 98.8 MPH) Joeri Plas to third Runner from 3rd tries for Home, SAFE, throw by CF to home
|
Batting: LHB Justin Rupert
|
0-0: Ball 1-0: Ground out 4-3 (Groundball, 34, EV 91.2 MPH)
|
Top of the 3rd over - 1 run, 1 hit, 1 error, 1 left on base; Omaha 1 - Columbus 2 |
BOTTOM OF THE 3RD |
Columbus Clippers batting - Pitching for Omaha Storm Chasers : LHP Ryan Tillett
|
Batting: LHB Jose Mojica
|
0-0: Called Strike 0-1: Ground out 6-3 (Groundball, 6, EV 81.9 MPH)
|
Batting: LHB Norihide Takata
|
0-0: Ball 1-0: Called Strike 1-1: Swinging Strike 1-2: Ball 2-2: Foul Ball, location: 2F 2-2: Foul Ball, location: 2F 2-2: Hit by Pitch
|
Batting: LHB Bobby Upton
|
0-0: Ball 1-0: Fielders Choice at 2nd, 1-6 (Groundball, 34S, EV 65.0 MPH)
|
Batting: RHB Tommy Baird
|
0-0: Ball 1-0: Called Strike Bobby Upton is caught stealing 2nd base 2-4
|
Bottom of the 3rd over - 0 runs, 0 hits, 0 errors, 0 left on base; Omaha 1 - Columbus 2 |
TOP OF THE 4TH |
Omaha Storm Chasers batting - Pitching for Columbus Clippers : RHP Joe Zeiset
|
Batting: LHB Roman Downey
|
0-0: Fly out, F7 (Flyball, 78D, EV 88.1 MPH)
|
Batting: RHB Muneer Maudad
|
0-0: Ball 1-0: Foul Ball, location: 2F 1-1: Ball 2-1: Foul Ball, location: 2F 2-2: Foul Ball, location: 2F 2-2: Ground out 6-3 (Groundball, 6M, EV 103.8 MPH)
|
Batting: LHB Zion Davidson
|
0-0: Called Strike 0-1: Ball 1-1: Foul Ball, location: 2F 1-2: Foul Ball, location: 2F 1-2: Ball 2-2: Fly out, F7 (Line Drive, 7, EV 96.2 MPH)
|
Top of the 4th over - 0 runs, 0 hits, 0 errors, 0 left on base; Omaha 1 - Columbus 2 |
BOTTOM OF THE 4TH |
Columbus Clippers batting - Pitching for Omaha Storm Chasers : LHP Ryan Tillett
|
Batting: RHB Tommy Baird
|
0-0: Ball 1-0: SINGLE (Flyball, 3D, EV 98.8 MPH)
|
Batting: RHB Jordan Diaz
|
0-0: Foul Ball, location: 2F 0-1: SINGLE (Groundball, 6MD, EV 103.8 MPH) Tommy Baird to second
|
Batting: RHB Chris Folse
|
0-0: 3-RUN HOME RUN (Flyball, 7LD, EV 96.2 MPH), Distance : 378 ft
|
Batting: RHB Chris Diaz
|
0-0: Ball 1-0: Fly out, F8 (Flyball, 8LD, EV 102.5 MPH)
|
Batting: LHB Jeremy DiGenova
|
0-0: Ground out 1-3 (Groundball, 34S, EV 76.9 MPH)
|
Batting: SHB Mike Gross
|
0-0: Ball 1-0: Foul Ball, location: 2F 1-1: Ball 2-1: Ball 3-1: Base on Balls
|
Batting: LHB Jose Mojica
|
0-0: Called Strike 0-1: Foul Ball, location: 2F 0-2: Ball 1-2: Ball 2-2: Fly out, F7 (Flyball, 7, EV 81.2 MPH)
|
Bottom of the 4th over - 3 runs, 3 hits, 0 errors, 1 left on base; Omaha 1 - Columbus 5 |
TOP OF THE 5TH |
Omaha Storm Chasers batting - Pitching for Columbus Clippers : RHP Joe Zeiset
|
Batting: RHB Walt Cogswell
|
0-0: Ground out 5-3 (Groundball, 5, EV 83.1 MPH)
|
Batting: RHB Joeri Plas
|
0-0: Foul Ball, location: 2F 0-1: Ball 1-1: Ball 2-1: Foul Ball, location: 2F 2-2: Fly out, F8 (Flyball, 8LM, EV 91.2 MPH)
|
Batting: LHB Jim Beaver
|
0-0: Ball 1-0: Foul Ball, location: 2F 1-1: Called Strike 1-2: Ball 2-2: Strikes out swinging
|
Top of the 5th over - 0 runs, 0 hits, 0 errors, 0 left on base; Omaha 1 - Columbus 5 |
BOTTOM OF THE 5TH |
Columbus Clippers batting - Pitching for Omaha Storm Chasers : LHP Ryan Tillett
|
Pitching: RHP Lionardo Rabelo
|
|
Batting: LHB Norihide Takata
|
0-0: Ground out 3-1 (Groundball, 34S, EV 90.0 MPH)
|
Batting: LHB Bobby Upton
|
0-0: Ball 1-0: SOLO HOME RUN (Flyball, 9LD, EV 96.9 MPH), Distance : 373 ft
|
Batting: RHB Tommy Baird
|
0-0: Ball 1-0: Ball 2-0: Ball 3-0: Foul Ball, location: 2F 3-1: Called Strike 3-2: Base on Balls
|
Batting: RHB Jordan Diaz
|
0-0: Ball Tommy Baird steals 2nd base (no throw) 1-0: Ball 2-0: Foul Ball, location: 2F 2-1: Called Strike 2-2: SINGLE (Line Drive, 6D, EV 103.1 MPH) Tommy Baird to third
|
Batting: RHB Chris Folse
|
0-0: Ball 1-0: Ball 2-0: Ball Jordan Diaz steals 2nd base (no throw) 3-0: Called Strike 3-1: DOUBLE (Line Drive, 7LS, EV 106.2 MPH) Tommy Baird scores Jordan Diaz scores
|
Batting: RHB Chris Diaz
|
0-0: Called Strike 0-1: Foul Ball, location: 2F 0-2: Ball 1-2: SINGLE (Line Drive, 8RS, EV 99.4 MPH) Chris Folse to third
|
Batting: LHB Jeremy DiGenova
|
0-0: Ball 1-0: Ball 2-0: Ball Wild Pitch! Chris Folse scores Chris Diaz to second 3-0: Called Strike 3-1: Base on Balls
|
Pitching: RHP Jason Sterner
|
|
Batting: SHB Mike Gross
|
0-0: Foul Ball, location: 2F 0-1: Foul Ball, location: 2F 0-2: Strikes out swinging
|
Batting: LHB Jose Mojica
|
0-0: Foul Ball, location: 2F 0-1: Ball 1-1: Foul Ball, location: 2F 1-2: Strikes out swinging
|
Bottom of the 5th over - 4 runs, 4 hits, 0 errors, 2 left on base; Omaha 1 - Columbus 9 |
TOP OF THE 6TH |
Omaha Storm Chasers batting - Pitching for Columbus Clippers : RHP Joe Zeiset
|
Batting: RHB Yuichi Takata
|
0-0: Ball 1-0: Ball 2-0: Ball 3-0: Called Strike 3-1: Called Strike 3-2: Base on Balls
|
Pitching: LHP Terry LaPlante
|
|
Batting: RHB Nick Ogle
|
0-0: Grounds into double play, 6-4-3 (Groundball, 6, EV 83.8 MPH)
|
Batting: LHB Justin Rupert
|
0-0: Ground out 4-3 (Groundball, 4, EV 96.2 MPH)
|
Top of the 6th over - 0 runs, 0 hits, 0 errors, 0 left on base; Omaha 1 - Columbus 9 |
BOTTOM OF THE 6TH |
Columbus Clippers batting - Pitching for Omaha Storm Chasers : RHP Jason Sterner
|
Batting: LHB Norihide Takata
|
0-0: Called Strike 0-1: Called Strike 0-2: Ball 1-2: Fly out, F6 (Popup, 6M, EV 55.6 MPH)
|
Batting: LHB Bobby Upton
|
0-0: Called Strike 0-1: Ball 1-1: SINGLE (Line Drive, 9LS, EV 93.8 MPH)
|
Batting: RHB Tommy Baird
|
0-0: Ball 1-0: SINGLE (Groundball, 6MD, EV 101.9 MPH) Bobby Upton to second
|
Batting: RHB Jordan Diaz
|
0-0: Foul Ball, location: 2F 0-1: Ball 1-1: Swinging Strike 1-2: Fly out, F7 (Line Drive, 7, EV 97.5 MPH)
|
Batting: RHB Chris Folse
|
0-0: Foul Ball, location: 2F 0-1: Ball 1-1: Foul Ball, location: 2F 1-2: Strikes out looking
|
Bottom of the 6th over - 0 runs, 2 hits, 0 errors, 2 left on base; Omaha 1 - Columbus 9 |
TOP OF THE 7TH |
Omaha Storm Chasers batting - Pitching for Columbus Clippers : LHP Terry LaPlante
|
Pinch Hitting: RHB Ruben Serrata
|
0-0: SINGLE (Line Drive, 34D, EV 110.0 MPH)
|
Batting: RHB Jaden Warrior
|
0-0: Ball 1-0: Ball 2-0: Ball 3-0: Called Strike 3-1: Foul Ball, location: 2F 3-2: SINGLE (Groundball, 6MS, EV 95.6 MPH) Ruben Serrata to second
|
Pinch Hitting: RHB Aaron Moore
|
0-0: Fielders Choice at 2nd, 6-4 (Groundball, 6, EV 96.2 MPH) Ruben Serrata to third
|
Pinch Hitting: RHB Matt Belgard
|
0-0: Called Strike 0-1: Ball 1-1: Ball 2-1: Foul Ball, location: 2F 2-2: Ball Passed Ball! Ruben Serrata scores Aaron Moore to second 3-2: DOUBLE (Groundball, 5L, EV 103.1 MPH) Aaron Moore scores
|
Batting: RHB Joeri Plas
|
0-0: Swinging Strike 0-1: Ball Matt Belgard steals 3rd base 1-1: Swinging Strike 1-2: Ground out 3-1 (Groundball, 34, EV 103.8 MPH) Matt Belgard scores
|
Pitching: RHP Josh Holloway
|
|
Batting: LHB Jim Beaver
|
0-0: Called Strike 0-1: Ball 1-1: Swinging Strike 1-2: Ball 2-2: Ball 3-2: DOUBLE (Line Drive, 7LS, EV 112.5 MPH)
|
Batting: RHB Yuichi Takata
|
0-0: Called Strike 0-1: Swinging Strike 0-2: Strikes out swinging
|
Top of the 7th over - 3 runs, 4 hits, 0 errors, 1 left on base; Omaha 4 - Columbus 9 |
BOTTOM OF THE 7TH |
Columbus Clippers batting - Pitching for Omaha Storm Chasers : RHP Jason Sterner
|
Now at 2B: Matt Belgard
|
|
Now in LF: Nick Ogle
|
|
Now in CF: Ruben Serrata
|
|
Now in RF: Aaron Moore
|
|
Batting: RHB Chris Diaz
|
0-0: Ball 1-0: Swinging Strike 1-1: Ball 2-1: DOUBLE (Line Drive, 9LM, EV 110.6 MPH)
|
Batting: LHB Jeremy DiGenova
|
0-0: Called Strike 0-1: Ball 1-1: Foul Ball, location: 2F 1-2: Strikes out looking
|
Batting: SHB Mike Gross
|
0-0: Called Strike 0-1: Swinging Strike 0-2: Ball 1-2: Strikes out swinging
|
Batting: LHB Jose Mojica
|
0-0: Swinging Strike 0-1: Fly out, F2 (Popup, 2L, EV 95.6 MPH)
|
Bottom of the 7th over - 0 runs, 1 hit, 0 errors, 1 left on base; Omaha 4 - Columbus 9 |
TOP OF THE 8TH |
Omaha Storm Chasers batting - Pitching for Columbus Clippers : RHP Josh Holloway
|
Batting: RHB Nick Ogle
|
0-0: Foul Ball, location: 2F 0-1: Ball 1-1: Ball 2-1: Foul Ball, location: 2F 2-2: Foul Ball, location: 2F 2-2: Foul Ball, location: 2F 2-2: Foul Ball, location: 2F 2-2: Foul Ball, location: 2F 2-2: Foul Ball, location: 2F 2-2: SINGLE (Line Drive, 4M, EV 98.8 MPH)
|
Batting: LHB Justin Rupert
|
0-0: Called Strike 0-1: Called Strike 0-2: Strikes out swinging
|
Pinch Hitting: LHB Sam Ogg
|
0-0: Swinging Strike 0-1: Ball 1-1: Ball 2-1: Fly out, F8 (Line Drive, 8RM, EV 107.5 MPH)
|
Batting: RHB Jaden Warrior
|
0-0: Ball 1-0: Ball 2-0: Called Strike 2-1: Ball 3-1: Fly out, F3 (Popup, 3, EV 63.1 MPH)
|
Top of the 8th over - 0 runs, 1 hit, 0 errors, 1 left on base; Omaha 4 - Columbus 9 |
BOTTOM OF THE 8TH |
Columbus Clippers batting - Pitching for Omaha Storm Chasers : RHP Jason Sterner
|
Now in CF: Jarrod Lindblad
|
|
Batting: LHB Norihide Takata
|
0-0: Ball 1-0: Ball 2-0: Called Strike 2-1: Ball 3-1: Foul Ball, location: 2F 3-2: Base on Balls
|
Batting: LHB Bobby Upton
|
0-0: Called Strike Norihide Takata steals 2nd base 0-1: SINGLE (Groundball, 4MS, EV 70.0 MPH) (infield hit) Norihide Takata to third
|
Pitching: RHP Jarred Young
|
|
Batting: RHB Tommy Baird
|
0-0: Called Strike 0-1: Ball 1-1: Ball 2-1: Fly out, F7 (Flyball, 7, EV 94.4 MPH)
|
Batting: RHB Jordan Diaz
|
0-0: Ball 1-0: Called Strike Bobby Upton steals 2nd base 1-1: Swinging Strike 1-2: Foul Ball, location: 2F 1-2: Foul Ball, location: 2F 1-2: Ball Wild Pitch! Norihide Takata scores Bobby Upton to third 2-2: Ball 3-2: Ground out 5-3 (Groundball, 5, EV 87.5 MPH)
|
Batting: RHB Chris Folse
|
0-0: Ball 1-0: Foul Ball, location: 2F 1-1: Ball 2-1: Swinging Strike 2-2: Hit by Pitch
|
Batting: RHB Chris Diaz
|
0-0: Foul Ball, location: 2F 0-1: Ball 1-1: Foul Ball, location: 2F 1-2: Ball 2-2: Fielders Choice at 2nd, 6-4 (Groundball, 6, EV 81.2 MPH)
|
Bottom of the 8th over - 1 run, 1 hit, 0 errors, 2 left on base; Omaha 4 - Columbus 10 |
TOP OF THE 9TH |
Omaha Storm Chasers batting - Pitching for Columbus Clippers : RHP Josh Holloway
|
Batting: RHB Aaron Moore
|
0-0: Ball 1-0: Foul Ball, location: 2F 1-1: Ball 2-1: Reached on error, E1 (Groundball, 25, EV 71.2 MPH)
|
Batting: RHB Matt Belgard
|
0-0: Ball 1-0: Ball 2-0: Swinging Strike 2-1: Called Strike 2-2: Ball 3-2: Foul Ball, location: 2F 3-2: Strikes out swinging
|
Pitching: RHP Jon Samer
|
|
Batting: RHB Joeri Plas
|
0-0: Ball 1-0: Foul Ball, location: 2F 1-1: Fly out, F9 (Flyball, 9D, EV 97.5 MPH)
|
Batting: LHB Jim Beaver
|
0-0: Ball 1-0: Called Strike 1-1: Swinging Strike 1-2: Ground out 6-3 (Groundball, 6M, EV 104.4 MPH)
|
Top of the 9th over - 0 runs, 0 hits, 1 error, 1 left on base; Omaha 4 - Columbus 10 |
|